 Dungeon Crawl Stone Soup version 0.28.0-45-g0d030f2227 (webtiles) character file.

Game seed: 1543432772383482438

25 NinjaNoafa the Ruffian (level 2, 0/23 HPs)
             Began as a Draconian Transmuter on Apr 5, 2022.
             Slain by a frilled lizard (1 damage)
             ... on level 1 of the Dungeon.
             The game lasted 00:00:59 (581 turns).

NinjaNoafa the Ruffian (Draconian Transmuter)        Turns: 581, Time: 00:00:59

Health: 0/23       AC:  4    Str: 12    XL:     2   Next: 82%
Magic:  5/5        EV: 12    Int: 13    God:
Gold:   10         SH:  0    Dex: 11    Spells: 4/5 levels left

rFire   . . .      SeeInvis .     - Unarmed
rCold   . . .      Faith    .   (no shield)
rNeg    . . .      Spirit   .   (armour unavailable)
rPois   .          Reflect  .   (helmet restricted)
rElec   .          Harm     .   (no cloak)
rCorr   .          Rampage  .   (no gloves)
Will    .....                   (no boots)
Stlth   +.........              (no amulet)
HPRegen 0.07/turn               (no ring)
MPRegen 0.09/turn               (no ring)

@: no status effects
A: AC +4, unfitting armour, cold-blooded
a: no special abilities


You were on level 1 of the Dungeon.
You visited 1 branch of the dungeon, and saw 1 of its levels.

You collected 10 gold pieces.

Inventory:

Missiles
 a - 19 stones
Scrolls
 b - a scroll of immolation {unknown}
 c - a scroll of identify {unknown}


   Skills:
 + Level 1.5 Fighting
 + Level 2.0 Dodging
 * Level 3.3 Unarmed Combat
 + Level 2.1 Spellcasting
 * Level 2.5 Transmutations


You had 4 spell levels left.
You knew the following spells:

 Your Spells              Type           Power      Damage    Failure   Level
a - Beastly Appendage     Tmut           16%        N/A       9%          1

Your spell library contained the following spells:

 Spells                   Type           Power      Damage    Failure   Level
 Wereblood                Tmut           8%         N/A       13%         2
 Spider Form              Tmut/Pois      4%         N/A       41%         3
 Ice Form                 Ice/Tmut       4%         N/A       83%         4


Dungeon Overview and Level Annotations

Branches:
Dungeon (1/15)

Altars:


Innate Abilities, Weirdness & Mutations

Your plain brown scales are hard. (AC +4)
You cannot fit into any form of body armour.
You are cold-blooded and may be slowed by cold attacks.


Message History

The frilled lizard bites you but does no damage. x2
You hit the frilled lizard.
You kill the frilled lizard!
The frilled lizard closely misses you. x2
You closely miss the frilled lizard. The frilled lizard bites you.
The frilled lizard bites you but does no damage.
You closely miss the frilled lizard. The frilled lizard closely misses you.
The frilled lizard misses you.
You closely miss the frilled lizard. The frilled lizard closely misses you.
The frilled lizard bites you but does no damage.
You barely miss the frilled lizard. The frilled lizard misses you.
The frilled lizard bites you but does no damage.
You closely miss the frilled lizard. The frilled lizard closely misses you.
The frilled lizard misses you.
You barely miss the frilled lizard. The frilled lizard closely misses you.
The frilled lizard bites you.
You closely miss the frilled lizard. The frilled lizard bites you. x2
* * * LOW HITPOINT WARNING * * *
You closely miss the frilled lizard. The frilled lizard misses you.
The frilled lizard barely misses you.
You miss the frilled lizard. You hit the frilled lizard.
The frilled lizard is heavily wounded.
The frilled lizard bites you but does no damage. x2
You miss the frilled lizard. The frilled lizard closely misses you.
The frilled lizard bites you.
* * * LOW HITPOINT WARNING * * *
You barely miss the frilled lizard.
The frilled lizard is heavily wounded.
The frilled lizard bites you.
* * * LOW HITPOINT WARNING * * *
The frilled lizard misses you.
You miss the frilled lizard.
The frilled lizard bites you but does no damage.
The frilled lizard bites you.
* * * LOW HITPOINT WARNING * * *
You hit the frilled lizard.
You kill the frilled lizard!
The frilled lizard bites you.
You die...

.....#.# #..###
#....######..##
#.####......#
#..### .# #.#
#..#### #..# #
#.# #..# #..#
#.. ...# #..###
### .#.# #....#
.# #....#
#########....#
......†@.....#
#####..l.....#
#...#.#....#
#.....#.#.......
#.... #.#....###
#.... #.######
#... #.# ##..
#.#


You could see a frilled lizard.

Vanquished Creatures
  A gnoll (D:1)
  3 bats (D:1)
  2 hobgoblins (D:1)
  2 jackals (D:1)
  2 quokkas (D:1)
  8 frilled lizards (D:1)
18 creatures vanquished.

Vanquished Creatures (others)
  9 plants (D:1)
9 creatures vanquished.

Grand Total: 27 creatures vanquished

Notes
Turn   | Place    | Note
-------+----------+-------------------------------------------
     0 | D:1      | NinjaNoafa the Draconian Transmuter began the quest for the
                  | Orb.
     0 | D:1      | Reached XP level 1. HP: 16/16 MP: 3/3
   200 | D:1      | Reached XP level 2. HP: 18/23 MP: 5/5
   580 | D:1      | HP: 1/23 [frilled lizard (1)]
   581 | D:1      | Slain by a frilled lizard

Illustrated notes

Levels and vault maps discovered:
D:1:      lightli_arrival_boilingwater, layout_rooms, minmay_lizard_king

Skill      XL: |  1  2 |
---------------+-------+-----
Dodging        | 2 |  2.0
Fighting       | |  1.5
Unarmed Combat | |  3.3
Spellcasting   | |  2.1
Transmutations | |  2.5

Action                   || total
-------------------------++-------
Melee: Unarmed           ||    64
       Headbutt          ||     3
       Tailslap          ||     3
       Kick              ||     4
       Punch             ||     3
 Cast: Beastly Appendage ||     3
Armor: Skin              ||    29
Dodge: Dodged            ||    55
